 Dungeon Crawl Stone Soup version 0.28.0-53-g5a82cb258f (webtiles) character file.

Game seed: 15277938536631784782

455 unlimited1921 the Magician (level 7, -7/49 HPs)
             Began as a Djinni Fire Elementalist on June 4, 2022.
             Was an Initiate of Gozag.
             Killed by an exploding orc priest (9 damage)
             ... ignited by their inner flame
             ... on level 4 of the Dungeon.
             The game lasted 00:21:00 (6998 turns).

unlimited1921 the Magician (DjFE)                   Turns: 6998, Time: 00:21:02

Health: -7/49      AC:  3    Str:  7    XL:     7   Next: 26%
Gold:   79         EV: 12    Int: 18    God:    Gozag SH:  0 Dex: 14

rFire   + + .      SeeInvis .   p - +0 hunting sling (flame)
rCold   x . .      Faith    .   (no shield)
rNeg    . . .      Spirit   .   b - +0 leather armour
rPois   ∞          Reflect  .   (no helmet)
rElec   .          Harm     .   (no cloak)
rCorr   .          Rampage  .   (no gloves)
Will    .....                   (boots unavailable)
Stlth   ++........              (no amulet)
HPRegen 0.16/turn               x - ring of wizardry
MPRegen 0.00/turn               (no ring)

@: gold aura, flying
A: sickness immunity, fire resistance 2, cold vulnerability 1, float, innate
caster, HP casting, extra vitality 1
a: Renounce Religion, Potion Petition, Call Merchant, Bribe Branch


You were on level 4 of the Dungeon.
You worshipped Gozag.
Gozag was noncommittal.
You visited 2 branches of the dungeon, and saw 5 of its levels.

You collected 156 gold pieces.
You spent 30 gold pieces at shops.
You paid 47 gold pieces to Gozag.

Inventory:

Hand Weapons
 f - a +0 mace
 l - a +0 hand axe
 p - a +0 hunting sling of flaming (weapon)
Missiles
 g - 142 stones (quivered ammo)
 k - 42 bolts
 m - 3 boomerangs of dispersal
 q - 63 sling bullets
 A - 6 javelins
Armour
 b - a +0 leather armour (worn)
Jewellery
 x - a ring of wizardry (left hand)
 B - an amulet of the acrobat
Wands
 z - a wand of flame (29)
Scrolls
 a - a scroll of fear {unknown}
 d - a scroll of amnesia {unknown}
 h - a scroll of teleportation {unknown}
 j - 2 scrolls of identify {unknown}
 r - 2 scrolls of immolation {unknown}
 u - a scroll of blinking {unknown}
 y - a scroll of noise {unknown}
 C - a scroll of enchant armour {unknown}
Potions
 c - a potion of degeneration {unknown}
 e - a potion of lignification {unknown}
 i - 3 potions of heal wounds {unknown}
 n - a potion of mutation {unknown}
 o - a potion of curing
 s - 3 potions of flight {unknown}
 t - a potion of magic {unknown}
 v - a potion of resistance {unknown}
 w - a potion of ambrosia {unknown}


   Skills:
 * Level 2.8 Fighting
 + Level 2.1 Slings
 + Level 2.5 Armour
 + Level 2.8 Dodging
 + Level 1.8 Stealth
 * Level 4.1 Spellcasting


You couldn't memorise any spells.
You knew the following spells:

 Your Spells              Type           Power      Damage    Failure   Level
a - Foxfire               Conj/Fire      72%        2x1d7     1%          1
b - Scorch                Fire           36%        2d6       2%          2
c - Conjure Flame         Conj/Fire      18%        6-21      4%          3
d - Inner Flame           Hex/Fire       18%        N/A       4%          3
e - Flame Wave            Conj/Fire      18%        2d6       16%         4
f - Beastly Appendage     Tmut           36%        N/A       1%          1
g - Corpse Rot            Necr/Air       36%        N/A       2%          2
h - Dazzling Flash        Conj/Hex       36%        N/A       4%          3
Your spell library was empty.

Dungeon Overview and Level Annotations

Branches:
Dungeon (4/15)             Temple (1/1) D:4

Altars:
Cheibriados
Dithmenos
Elyvilon
Fedhas
Gozag
Hepliaklqana
Makhleb
Nemelex Xobeh
Ru
Sif Muna
Uskayaw
Xom
Yredelemnul
Zin
The Shining One

Shops:
D:2 !

Annotations:
D:3 3 runed translucent doors, Seanster0919's ghost, amateur MiFi; Zeld's ghost, weakling DrTm; issech's ghost, weakling MiMo


Innate Abilities, Weirdness & Mutations

You are immune to sickness and miasma.
You are immune to poison.
Your flesh is very heat resistant. (rF++)
You are vulnerable to cold. (rC-)
You float through the air rather than walking.
You learn spells naturally, not from books.
Your magical power is your life essence.
You have superior vitality. (+4 MHP)


Message History

You conjure some foxfire!
The foxfire hits the orc warrior but does no damage.
Your foxfire dissipates!
The foxfire hits the orc warrior but does no damage.
The orc wizard gestures wildly while chanting.
The orc wizard flickers and vanishes!
Deactivating autopickup; reactivate with Ctrl-A.
Casting: Foxfire (safe; 1% risk of failure)
Confirm with . or Enter, or press ? or * to list all spells.
You conjure some foxfire!
The orc warrior barely misses you.
The orc warrior hits your foxfire with a +0 battleaxe! x2
The foxfire hits the orc warrior but does no damage. x2
Casting: Foxfire (safe; 1% risk of failure)
Confirm with . or Enter, or press ? or * to list all spells.
You conjure some foxfire!
The orc warrior hits you with a +0 battleaxe!
* * * LOW HITPOINT WARNING * * *
Your foxfire dissipates!
The foxfire hits the orc warrior but does no damage.
Casting: Foxfire (safe; 1% risk of failure)
Confirm with . or Enter, or press ? or * to list all spells.
You conjure some foxfire!
* * * LOW HITPOINT WARNING * * *
The foxfire hits the orc warrior but does no damage.
The orc priest hits you with a +0 short sword.
* * * LOW HITPOINT WARNING * * *
The foxfire hits the orc priest.
Flame seeps out of the orc priest.
The orc priest is lightly wounded.
The orc priest is engulfed in blazing flames.
Flame seeps out of the orc priest.
Your magical contamination has completely faded away.
Casting: Foxfire (safe; 1% risk of failure)
Confirm with . or Enter, or press ? or * to list all spells.
You conjure some foxfire!
* * * LOW HITPOINT WARNING * * *
The foxfire hits the orc priest.
The orc priest explodes!
The fiery explosion engulfs you! You resist.
You die...
Your body crumbles into a pile of gold.

#.## #. #.# #. #.##.. #... #..
#.# #.##.##.# #.#. ((.# #.#
#....##.# #.#... #.$o# #.#
#....##.# #####.#.#. ..$.(#
#.####...##.# #......... ...w..#
#.##.##..##.# #.##...#÷#
.....$.##.#...#.v##.###.#....#.#
....$..'w..o.o§@§...........##..
.....$.####)°.#§###.........#...
......# ##.##§# #####....##..>
.....# ###... #..#...... #.$.#
#..## ##....###.. ##'# ...#
#...#...### #. ....# #....##...#
#.# ...$# #....####.. #...##
####.# ##.


You could see an orc warrior, a worm and an orc.

Vanquished Creatures
  A water moccasin (D:3)
  A black bear (D:4)
  A wight (D:4)
  An orc priest (D:4)
  A hound (D:4)
  Natasha (thrice) (D:2)
  3 adders
  A white imp (D:4)
  4 worms
  4 dart slugs
  4 orcs (D:2)
  7 ball pythons
  6 endoplasms
  A giant cockroach (D:1)
  7 goblins
  6 hobgoblins
  5 kobolds
  4 quokkas
  4 bats
  A frilled lizard (D:3)
65 creatures vanquished.

Vanquished Creatures (others)
  198 foxfires
198 creatures vanquished.

Grand Total: 263 creatures vanquished

Notes
Turn   | Place    | Note
-------+----------+-------------------------------------------
     0 | D:1      | unlimited1921 the Djinni Fire Elementalist began the quest
                  | for the Orb.
     0 | D:1      | Reached XP level 1. HP: 15/15 MP: 0/0
   513 | D:1      | Reached XP level 2. HP: 20/21 MP: 0/0
  1246 | D:1      | Found a faded altar of an unknown god.
  1950 | D:1      | Reached skill level 1 in Armour
  1950 | D:1      | Reached XP level 3. HP: 25/25 MP: 0/0
  1950 | D:1      | Learned a level 1 spell: Beastly Appendage
  2826 | D:2      | Found Vauwiap's Distillery.
  2838 | D:2      | Bought a potion of curing for 30 gold pieces
  3215 | D:2      | Noticed Natasha
  3235 | D:2      | Killed Natasha
  3236 | D:2      | Reached skill level 1 in Fighting
  3236 | D:2      | Reached skill level 3 in Spellcasting
  3236 | D:2      | Reached XP level 4. HP: 9/32 MP: 0/0
  3249 | D:2      | Noticed Natasha
  3261 | D:2      | Killed Natasha
  3262 | D:2      | Reached XP level 5. HP: 2/37 MP: 0/0
  3262 | D:2      | Learned a level 2 spell: Corpse Rot
  3592 | D:2      | Noticed Natasha
  3606 | D:2      | Killed Natasha
  4607 | D:3      | Found a runed translucent gate.
  4607 | D:3      | Found a runed translucent gate.
  4608 | D:3      | Found a runed translucent gate.
  4668 | D:3      | Noticed Seanster0919's ghost (amateur MiFi)
  4668 | D:3      | Noticed Zeld's ghost (weakling DrTm)
  4669 | D:3      | Noticed issech's ghost (weakling MiMo)
  5698 | D:4      | Noticed a water moccasin
  5706 | D:3      | Killed a water moccasin
  5707 | D:3      | Reached skill level 1 in Slings
  5707 | D:3      | Reached XP level 6. HP: 15/44 MP: 0/0
  6123 | D:4      | Noticed a black bear
  6127 | D:4      | Killed a black bear
  6128 | D:4      | Reached XP level 7. HP: 42/49 MP: 0/0
  6128 | D:4      | Learned a level 3 spell: Dazzling Flash
  6245 | D:4      | Found a staircase to the Ecumenical Temple.
  6260 | D:4      | Reached skill level 4 in Spellcasting
  6538 | Temple   | Entered the Ecumenical Temple
  6594 | Temple   | Became a worshipper of Gozag Ym Sagoz the Greedy
  6995 | D:4      | HP: 2/49 [orc priest/+0 short sword (3)]
  6998 | D:4      | Killed by an exploding orc priest... ignited by their inner
                  | flame

Illustrated notes

Levels and vault maps discovered:
D:1:      nicolae_arrival_washed_ashore, layout_loops_ring,
          hellmonk_ecumenical_altar_slurped_away, minmay_misc_feat_diagonals
D:2:      layout_rooms, serial_shops, nicolae_shop_competitors_out_of_business,
          nicolae_wormholes, uniq_natasha
D:3:      layout_rooms, gammafunk_ghost_cemetery, minmay_fountain_box,
          minivault_5, chequers_serial_rivers_micro_c
D:4:      layout_loops_corners, grunt_temple_overflow_bloody_war,
          minmay_temple_entry_slanted, minmay_manual_mail
Temple:   regret_index_temple_generic_petals

Skill      XL: |  1  2  3  4  5  6  7 |
---------------+----------------------+-----
Armour         | 1 2 |  2.5
Fighting       | 1 2 |  2.8
Spellcasting   | 3 4 |  4.1
Slings         | 1 2 |  2.1
Dodging        | |  2.8
Stealth        | |  1.8

Action                   |  1- 3 |  4- 6 |  7- 9 || total
-------------------------+-------+-------+-------++-------
Melee: Hand axe          |     4 |     2 |       ||     6
       Headbutt          |     1 |       |       ||     1
 Fire: Hunting sling     |       |    28 |     7 ||    35
 Cast: Foxfire           |    72 |    43 |    14 ||   129
       Scorch            |     4 |    20 |     8 ||    32
       Beastly Appendage |     4 |       |       ||     4
       Corpse Rot        |       |     1 |       ||     1
       Inner Flame       |       |       |     6 ||     6
       Dazzling Flash    |       |       |     3 ||     3
  Use: Potion            |     1 |     1 |       ||     2
Armor: Leather armour    |    10 |     3 |     1 ||    14
Dodge: Dodged            |    11 |     9 |     7 ||    27
